 Dungeon Crawl Stone Soup version 0.29.1-1-gd02db6906a (webtiles) character file.

Game seed: 5564096028365805076

315 jamesp the Insei (level 6, -1/42 HPs)
             Began as an Octopode Transmuter on Oct 3, 2022.
             Slain by an orc wizard
             ... wielding a +0 hand axe
              (4 damage)
             ... on level 3 of the Dungeon.
             The game lasted 00:07:30 (3566 turns).

jamesp the Insei (Octopode Transmuter)              Turns: 3566, Time: 00:07:31

Health: -1/42      AC:  1    Str:  9    XL:     6   Next: 44%
Magic:  11/11      EV: 17    Int: 15    God:
Gold:   223        SH:  0    Dex: 15    Spells: 7/11 levels left

rFire   . . .      SeeInvis .     - Unarmed
rCold   . . .      Faith    .   (no shield)
rNeg    . . .      Spirit   .   (helmet currently unavailable)
rPois   +          Reflect  .   (no amulet)
rElec   .          Harm     .   j - ring of poison resistance
rCorr   .          Rampage  .   s - ring of wizardry
Will    .....                   t - +4 ring of evasion
Stlth   ++........              (no ring)
HPRegen 0.14/turn               (no ring)
MPRegen 0.12/turn               (no ring)
                                (no ring)
                                (no ring)

@: confused, appendages (expiring)
A: tentacle spike 3, almost no armour, amphibious, 8 rings, camouflage 1,
gelatinous body 1, (nimble swimmer 1), tentacles
a: End Transformation


You were on level 3 of the Dungeon.
One of your tentacles had grown a beastly spike.
You visited 1 branch of the dungeon, and saw 3 of its levels.

You collected 223 gold pieces.

Inventory:

Missiles
 d - 14 poisoned darts
 f - 2 atropa-tipped darts
 l - 16 stones
Magical Staves
 u - a staff of conjuration
Jewellery
 j - a ring of poison resistance (left tentacle)
 s - a ring of wizardry (right tentacle)
 t - a +4 ring of evasion (on tentacle)
Scrolls
 c - a scroll of identify {unknown}
 g - 2 scrolls of fear
 h - a scroll of enchant weapon
 i - a scroll of teleportation
 k - a scroll of blinking {unknown}
 m - a scroll of magic mapping {unknown}
 q - a scroll of silence {unknown}
Potions
 b - a potion of flight {unknown}
 e - a potion of mutation {unknown}
 o - 2 potions of cancellation {unknown}
 p - 3 potions of curing {unknown}
 r - a potion of brilliance {unknown}


   Skills:
 + Level 3.2 Fighting
 - Level 2.0 Dodging
 + Level 4.3 Unarmed Combat
 + Level 3.4 Spellcasting
 + Level 3.6 Transmutations


You had 7 spell levels left.
You knew the following spells:

 Your Spells              Type           Power      Damage    Failure   Level
a - Beastly Appendage     Tmut           26%        N/A       1%          1
b - Spider Form           Tmut/Pois      8%         N/A       11%         3

Your spell library contained the following spells:

 Spells                   Type           Power      Damage    Failure   Level
 Wereblood                Tmut           13%        N/A       2%          2
 Slow                     Hex            8%         N/A       8%          1
 Gell's Gravitas          Tloc           2%         N/A       22%         3
 Lesser Beckoning         Tloc           2%         N/A       22%         3
 Teleport Other           Tloc           2%         N/A       22%         3
 Ice Form                 Ice/Tmut       8%         N/A       32%         4
 Cause Fear               Hex            1%         N/A       56%         4
 Haunt                    Necr/Summ      1%         N/A       100%        7
 Spellforged Servitor     Conj/Summ      1%         N/A       100%        7


Dungeon Overview and Level Annotations

Branches:
Dungeon (3/15)

Altars:
Dithmenos
Gozag
Sif Muna

Shops:
D:2 (


Innate Abilities, Weirdness & Mutations

One of your tentacles has grown a beastly spike.
You cannot wear most types of armour.
You are amphibious.
You can wear up to eight rings at the same time.
Your skin changes colour to match your surroundings (Stealth+).
Your rubbery body absorbs attacks. (AC +1, EV +1)
((You are camouflaged when in or above water. (Stealth+)))
You have tentacles for arms and can constrict up to eight enemies at once.


Message History

Items here: $ ))) [ ††.
You tentacle-slap the hobgoblin. Your grab misses the hobgoblin.
Your tentacle spike misses the hobgoblin.
Your squeeze misses the hobgoblin.
The hobgoblin is heavily wounded.
The hobgoblin misses you.
You completely miss the hobgoblin. Your grab misses the hobgoblin.
You pierce the hobgoblin.
You kill the hobgoblin!
You miss something.
Your tentacle spike misses something.
Something hits you!
You closely miss something.
You pierce something.
You tentacle-slap something but do no damage.
Your tentacle spike misses something.
Something hits you.
* * * LOW HITPOINT WARNING * * *
Something barely misses you.
You barely miss something.
Your tentacle spike misses something.
Your squeeze misses something.
You hear some strange, mumbled words.
Something tries to affect you, but you resist.
Something barely misses you.
You miss something.
You pierce something.
Something hits you.
* * * LOW HITPOINT WARNING * * *
Something hits you.
* * * LOW HITPOINT WARNING * * *
You feel much better. Something hits you. Something barely misses you.
You closely miss something. Your squeeze misses something.
Something hits you. x2
You closely miss something. Something hits you. x2
* * * LOW HITPOINT WARNING * * *
You miss something. Your squeeze misses something.
Your transformation is almost over.
You hear some strange, mumbled words.
A magic dart appears from out of thin air!
The magic dart hits you!
* * * LOW HITPOINT WARNING * * *
You hear some strange, mumbled words.
You are confused.
You completely miss something.
Your tentacle spike misses something.
Your squeeze misses something.
You bump into the rock wall.
Something hits you.
You die...

#........### #.##........#
#..<.......# #.##........#
.##.......#.####...........#
.......#+##......#####+#.....
....[................# #.#####
#####.###......#.###)# ..#
#.###..###.#.....# ##
#....>.#.#.#######
#########....#..@{# ...#
#.##.####{##### ...# #...^#
#w....# ...# #.##.# #.....#
...# #.#### #.....#### ...#
#.# #........#
...######.#######.....#..#####
.......÷..#...[......###.....#
..........#......##..# #..##.#


You could see a dart slug.

Vanquished Creatures
  Sigmund (D:2)
  An orc priest (D:3)
  Robin (D:2)
  A gnoll (D:2)
  2 adders (D:2)
  A worm (D:2)
  2 dart slugs
  2 orcs (D:3)
  6 ball pythons
  7 endoplasms
  6 giant cockroaches
  15 goblins
  7 hobgoblins
  3 jackals (D:2)
  5 bats
  3 frilled lizards
  A kobold (D:2)
  5 rats
69 creatures vanquished.

Notes
Turn   | Place    | Note
-------+----------+-------------------------------------------
     0 | D:1      | jamesp the Octopode Transmuter began the quest for the Orb.
     0 | D:1      | Reached XP level 1. HP: 13/13 MP: 3/3
   373 | D:1      | Reached XP level 2. HP: 15/18 MP: 3/5
  1545 | D:2      | Reached XP level 3. HP: 20/24 MP: 6/6
  1833 | D:2      | Got the Directory of Ensorcelling and Calling
  1933 | D:2      | Found a faded altar of an unknown god.
  2044 | D:2      | Reached XP level 4. HP: 23/29 MP: 7/7
  2134 | D:2      | Noticed Robin
  2264 | D:2      | Killed Robin
  2449 | D:2      | Noticed Sigmund
  2467 | D:2      | Killed Sigmund
  2468 | D:2      | Reached skill level 4 in Unarmed Combat
  2468 | D:2      | Reached XP level 5. HP: 26/36 MP: 7/9
  2468 | D:2      | Reached XP level 6. HP: 30/42 MP: 7/10
  2606 | D:2      | Found Namathuo's Weapon Shoppe.
  3080 | D:3      | Learned a level 3 spell: Spider Form
  3104 | D:3      | Found a shimmering blue altar of Sif Muna.
  3121 | D:3      | Found an opulent altar of Gozag.
  3275 | D:3      | Identified the +1 robe of Igroenar {rElec rF+ Regen+ Int+3}
  3447 | D:3      | Found a shadowy altar of Dithmenos.
  3560 | D:3      | HP: 2/42 [something (3)]
  3566 | D:3      | Slain by an orc wizard

Illustrated notes

Levels and vault maps discovered:
D:1:      dpeg_arrival_tiny_j, layout_loops_corners, minmay_3d_cube
D:2:      layout_basic, serial_shops, shop, nicolae_ecumenical_pavilion,
          minmay_pentomino_u2, uniq_sigmund, uniq_robin
D:3:      layout_basic, nicolae_dithmenos_shadow_blocks,
          mainiacjoe_overflow_big_doors, minmay_cut_off

Skill      XL: |  1  2  3  4 |
---------------+-------------+-----
Fighting       | 2 3 |  3.2
Unarmed Combat | 4 |  4.3
Spellcasting   | 3 |  3.4
Transmutations | 3 |  3.6
Dodging        | |  2.0

Action                   |  1- 3 |  4- 6 || total
-------------------------+-------+-------++-------
Melee: Unarmed           |    70 |    77 ||   147
       Kick              |    17 |    22 ||    39
       Constrict         |    23 |    16 ||    39
       Tentacles         |    13 |    16 ||    29
       Punch             |     3 |     4 ||     7
 Cast: Beastly Appendage |    19 |    14 ||    33
  Use: Scroll            |       |     3 ||     3
       Potion            |       |     3 ||     3
 Stab: Sleeping          |     6 |     3 ||     9
       Distracted        |     1 |       ||     1
Armor: Skin              |     5 |     9 ||    14
Dodge: Dodged            |    47 |    24 ||    71
